 Dungeon Crawl Stone Soup version 0.19.0-18-g426998a (webtiles) character file.

81 Leybi the Poker (level 4, -3/37 HPs)
             Began as a Merfolk Skald on Nov 11, 2016.
             Killed from afar by Crazy Yiuf (8 damage)
             ... with a wand of flame
             ... on level 3 of the Dungeon.
             The game lasted 00:07:32 (2854 turns).

Leybi the Poker (Merfolk Skald)                     Turns: 2854, Time: 00:07:33

Health: -3/37      AC:  4    Str: 12    XL:     4   Next: 42%
Magic:  5/7        EV: 12    Int: 12    God:
Gold:   114        SH:  0    Dex: 13    Spells: 2 memorised, 4 levels left

rFire  . . .     SeeInvis .     q - +0 spear
rCold  . . .     Gourm    .     s - +0 leather armour (curse)
rNeg   . . .     Faith    .     (no shield)
rPois  .         Spirit   .     (no helmet)
rElec  .         Reflect  .     (no cloak)
rCorr  .         Harm     .     (no gloves)
MR     .....                    k - +0 pair of boots
Stlth  +.........               (no amulet)
                                (no ring)
                                (no ring)

@: lethally poisoned (-3 -> -11)
A: change form in water, swift swim, stealthy swim
a: no special abilities


You were on level 3 of the Dungeon.
You were not hungry.

You visited 1 branch of the dungeon, and saw 3 of its levels.

You collected 114 gold pieces.

Inventory:

Hand Weapons
 q - a +0 spear (weapon)
Armour
 b - a +0 leather armour
 k - a +0 pair of boots (worn)
 p - a cursed -1 robe
 s - a cursed +0 leather armour (worn)
 u - a +0 helmet
 v - +0 steam dragon scales
Scrolls
 a - a scroll of teleportation
 j - a scroll of identify
Potions
 e - a potion of magic {unknown}
 g - a potion of lignification {unknown}
 h - a potion of cancellation {unknown}
 i - a potion of experience {unknown}
 l - 2 potions of haste {unknown}
 m - 2 potions of might {unknown}
 o - 2 potions of curing {unknown}
 r - a potion of agility {unknown}
 t - a potion of heal wounds {unknown}
Books
 c - a book of Battle

   Spells                             Type                      Level
   a - Infusion                       Charms                       1
   b - Shroud of Golubria             Charms/Translocation         2
   c - Song of Slaying                Charms                       2
   d - Spectral Weapon                Hexes/Charms                 3
   e - Regeneration                   Charms/Necromancy            3
Comestibles
 d - a bread ration
 f - a meat ration
 n - 19 fruits


   Skills:
 * Level 3.8 Fighting
 + Level 4.0 Polearms
 - Level 0.6 Armour
 + Level 3.0 Dodging
 - Level 2.0 Spellcasting
 - Level 3.2 Charms


You had 4 spell levels left.
You knew the following spells:

 Your Spells              Type           Power        Failure   Level  Hunger
a - Infusion              Chrm           #...         12%         1    ##.....
b - Song of Slaying       Chrm           #.......     17%         2    ###....


Dungeon Overview and Level Annotations

Branches:
Dungeon (3/15)

Altars:

Annotations:
D:3 Crazy Yiuf


Message History

Crazy Yiuf laughs, "Tonal!
Shower pontify toodlewoodle."
You see here a mace.
You feel sick.
You see here a mace.
You feel sick.
You see here a mace.
You feel sick.
You see here a mace.
You feel sick.
You see here a mace.
You feel sick.
Crazy Yiuf yells, "Liver cloud action!"
Crazy Yiuf zaps a wand.
The puff of flame misses you.
It is a wand of flame.
You are no longer magically infusing your attacks.
You feel sick.
You feel sick.
Crazy Yiuf zaps a wand.
The puff of flame hits you!
* * * LOW HITPOINT WARNING * * *
* * * LOW HITPOINT WARNING * * *
You feel sick.
Crazy Yiuf zaps a wand.
The puff of flame hits you!
You die...

≈≈..# ♣♣)♣ ≈.P.# ♣)♣♣
....# ♣♣)♣ .P..# ♣)♣♣
..P.# ♣♣g♣♣ ..[.#
♣)..♣♣ ....# ♣....♣
###.# #....# #.#
##@.## #.# #...#
#.############..#####
#.....................
######################


You could see Crazy Yiuf.

Vanquished Creatures
  3 adders (D:2)
  A dart slug (D:1)
  A leopard gecko (D:1)
  6 bats
  4 giant cockroaches
  8 goblins
  3 hobgoblins
  3 jackals (D:1)
  4 frilled lizards
  8 kobolds
  7 rats
48 creatures vanquished.

Notes
Turn   | Place    | Note
-------+----------+-------------------------------------------
     0 | D:1      | Leybi the Merfolk Skald began the quest for the Orb.
     0 | D:1      | Reached XP level 1. HP: 16/16 MP: 3/3
   411 | D:1      | Reached XP level 2. HP: 22/23 MP: 5/5
  1018 | D:1      | Reached XP level 3. HP: 25/29 MP: 6/6
  1892 | D:2      | Reached XP level 4. HP: 15/37 MP: 1/7
  2134 | D:2      | Learned a level 2 spell: Song of Slaying
  2559 | D:2      | Reached skill level 4 in Polearms
  2836 | D:3      | Found a runed door.
  2841 | D:3      | Noticed Crazy Yiuf
  2854 | D:3      | Killed from afar by Crazy Yiuf

Skill      XL: |  1  2  3  4 |
---------------+-------------+-----
Dodging        | 2 3 |  3.0
Fighting       | 3 |  3.8
Polearms       | 4 |  4.0
Armour         | |  0.6
Spellcasting   | |  2.0
Charms         | |  3.2

Action                   |  1- 3 |  4- 6 || total
-------------------------+-------+-------++-------
Melee: Spear             |   147 |    33 ||   180
 Cast: Infusion          |     4 |     2 ||     6
  Use: Scroll            |       |     4 ||     4
  Eat: Chunk             |     3 |     3 ||     6
Armor: Leather armour    |    40 |     9 ||    49
Dodge: Dodged            |   119 |    18 ||   137
